AoeStats
← dohteM

Arabia

510230484Analyzed
1v1 RM · 3d ago on Sep 30, 2026· 47m 11s· 2 players
Game mode
Random Map
Map size
Tiny (2 player)
Population
200
Speed
Normal
Resources
Standard
Victory
Conquest
Starting age
Dark Age
Ending age
Imperial Age
RankedLock teamsTeams togetherTeam positionsShared explorationLock speedFull tech treeHidden civsTurbo modeCheats
Victory
Defeat
🇳🇿 Vietnamese · New Zealand
973
+15
🇺🇸 Franks · United States
949
-44
dohteM
2:40 Loom
12:36 Feudal Age
19:52 Man-at-Arms
20:22 Double-Bit Axe
25:38 Castle Age
27:26 Stone Mining
28:48 Gold Mining
31:34 Town Watch
35:42 Wheelbarrow
36:23 Fletching
39:09 Bodkin Arrow
44:38 Imperial Age
45:19 Scale Mail Armor
Soup
10:05 Feudal Age
9:04 Loom
18:48 Double-Bit Axe
18:44 Horse Collar
19:43 Wheelbarrow
24:57 Castle Age
26:39 Thumb Ring
25:55 Crossbowman
27:14 Padded Archer Armor
27:04 Fletching
27:32 Hand Cart
27:50 Bow Saw
27:41 Heavy Plow
33:41 Gold Mining
34:26 Ballistics
35:54 Murder Holes
36:17 Leather Archer Armor
35:58 Bodkin Arrow
40:31 Imperial Age
41:42 Bracer
42:12 Ring Archer Armor
41:07 Arbalester
43:04 Chemistry
45:47 Paper Money
46:42 Two-Man Saw
Connection lost

Rejoining the realm…

Still unreachable

The connection could not be restored.

Session expired

The server has moved on; the page needs a fresh start.